 Dungeon Sprint DCSS version 0.22-a0-367-gb72a975701 (webtiles) character file.

409 KillingSpree the Grappler (level 6, -4/67 HPs)
             Began as a Troll Berserker on Apr 22, 2018.
             Was an Elder of Trog.
             Slain by a two-headed ogre
             ... wielding a +0 giant spiked club
              (13 damage)
             ... in the Dungeon (Sprint IX: "|||||||||||||||||||||||||||||").
             The game lasted 00:00:39 (141 turns).

KillingSpree the Grappler (Troll Berserker)          Turns: 141, Time: 00:00:39

Health: -4/67      AC:  6    Str: 29    XL:     6   Next: 58%
Magic:  5/5        EV: 13    Int:  3    God:    Trog [****..]
Gold:   0          SH:  0    Dex: 14    Spells: 5/5 levels left

rFire    . . .     SeeInvis .     - Unarmed
rCold    . . .     Gourm    +   (no shield)
rNeg     . . .     Faith    .   a - +0 animal skin
rPois    .         Spirit   .   (helmet restricted)
rElec    .         Reflect  .   l - +0 cloak
rCorr    .         Harm     .   (gloves unavailable)
MR       ++...     NoTele   +   (boots unavailable)
Stlth    +.........             (no amulet)
HPRegen  1.61/turn              n - +3 ring of strength
MPRegen  0.09/turn              m - +3 ring of dexterity

@: lethally poisoned (-4 -> -5), berserk cooldown, regenerating, slowed, very
slow
A: large, unfitting armour, claws 3, fast metabolism 3, gourmand, regeneration
1, shaggy fur 1, tough skin 2
a: Berserk, Trog's Hand, Brothers in Arms, Renounce Religion


You were in the Dungeon.
You worshipped Trog.
Trog was greatly pleased with you.
You were full.

You visited 1 branch

Inventory:

Armour
 a - a +0 animal skin (worn)
 l - a +0 cloak (worn)
Jewellery
 m - a +3 ring of dexterity (right claw)
 n - a +3 ring of strength (left claw)
Wands
 k - a wand of iceblast (10)
Scrolls
 h - 2 scrolls of blinking
 j - 3 scrolls of remove curse
Potions
 c - 5 potions of curing
 d - 2 potions of heal wounds
 e - a potion of haste
 f - 4 potions of magic
 g - a potion of berserk rage
 i - a potion of invisibility
Comestibles
 b - 2 rations


   Skills:
 + Level 6.0 Fighting
 * Level 5.5 Throwing
 + Level 6.2 Dodging
 + Level 9.1 Unarmed Combat


You had 5 spell levels left.
You didn't know any spells.

Dungeon Overview and Level Annotations

Branches:
Dungeon (1/1)

Altars:
Cheibriados
Dithmenos
Elyvilon
Fedhas
Gozag
Hepliaklqana
Kikubaaqudgha
Makhleb
Nemelex Xobeh
Okawaru
Qazlal
Ru
Sif Muna
Trog
Uskayaw
Vehumet
Wu Jian
Xom
Yredelemnul
Zin
The Shining One
Beogh
Jiyva
Lugonu


Innate Abilities, Weirdness & Mutations

You are too large for most types of armour.
You have claws for hands.
Your metabolism is lightning-fast.
You like to eat raw meat.
Your natural rate of healing is unusually fast.
You are covered in fur. (AC +1)
You have very tough skin. (AC +2)


Message History

You scratch the two-headed ogre.
The two-headed ogre is lightly wounded.
The two-headed ogre misses you.
The two-headed ogre completely misses you.
Unknown command.
You scratch the two-headed ogre.
The two-headed ogre is lightly wounded.
You feel sick. The two-headed ogre closely misses you.
The two-headed ogre hits you with a giant club!
* * * LOW HITPOINT WARNING * * *
Unknown command.
You feel much better. The two-headed ogre closely misses you.
The two-headed ogre hits you with a giant club!!
* * * LOW HITPOINT WARNING * * *
You claw the two-headed ogre!
The two-headed ogre is moderately wounded.
The two-headed ogre hits you with a giant spiked club.
* * * LOW HITPOINT WARNING * * *
The two-headed ogre hits you with a giant club!
You die...

▓+▓
▓.▓
▓.▓
▓.▓
▓5▓
▓O▓
▓@▓
▓)▓
▓(▓
▓.▓
▓[▓
▓[▓
▓.▓
▓)▓
▓|▓


You could see a two-headed ogre and a quasit.

Vanquished Creatures
  An ice beast (D)
  A black bear (D)
  An orc warrior (D)
  A centaur (D)
  A killer bee (D)
  An ooze (D)
  A worm (D)
  An orc (D)
  A jackal (D)
  3 frilled lizards (D)
  A quokka skeleton (D)
  A rat (D)
14 creatures vanquished.

Notes
Turn   | Place    | Note
-------+----------+-------------------------------------------
     0 | D        | KillingSpree the Troll Berserker began the quest for the Orb.
     0 | D        | Reached XP level 1. HP: 22/22 MP: 0/0
    13 | D        | Reached ** piety under Trog
    16 | D        | Reached skill level 1 in Throwing
    30 | D        | Noticed a centaur
    33 | D        | Reached XP level 2. HP: 31/31 MP: 1/1
    35 | D        | Reached *** piety under Trog
    38 | D        | Reached skill level 4 in Unarmed Combat
    41 | D        | Killed a centaur
    41 | D        | Reached skill level 5 in Unarmed Combat
    41 | D        | Reached XP level 3. HP: 39/39 MP: 2/2
    41 | D        | Reached XP level 4. HP: 48/48 MP: 3/3
    60 | D        | Found a roughly hewn altar of Beogh.
    60 | D        | Found a snail-covered altar of Cheibriados.
    60 | D        | Found a shadowy altar of Dithmenos.
    60 | D        | Found a white marble altar of Elyvilon.
    60 | D        | Found a blossoming altar of Fedhas.
    60 | D        | Found an opulent altar of Gozag.
    61 | D        | Found a hazy altar of Hepliaklqana.
    62 | D        | Found a viscous altar of Jiyva.
    63 | D        | Found an ancient bone altar of Kikubaaqudgha.
    64 | D        | Found a corrupted altar of Lugonu.
    65 | D        | Found a burning altar of Makhleb.
    66 | D        | Found a sparkling altar of Nemelex Xobeh.
    67 | D        | Found an iron altar of Okawaru.
    68 | D        | Found a stormy altar of Qazlal.
    69 | D        | Found a sacrificial altar of Ru.
    70 | D        | Found a deep blue altar of Sif Muna.
    71 | D        | Found a bloodstained altar of Trog.
    72 | D        | Found a hide-covered altar of Uskayaw.
    73 | D        | Found a radiant altar of Vehumet.
    74 | D        | Found an ornate altar of the Wu Jian Council.
    75 | D        | Found a shimmering altar of Xom.
    76 | D        | Found a basalt altar of Yredelemnul.
    77 | D        | Found a glowing silver altar of Zin.
    78 | D        | Found a glowing golden altar of the Shining One.
   110 | D        | Noticed a two-headed ogre
   110 | D        | Noticed a black bear
   110 | D        | Noticed an ice beast
   110 | D        | Noticed an orc warrior
   124 | D        | Killed an orc warrior
   124 | D        | Reached **** piety under Trog
   124 | D        | Received a gift from Trog
   124 | D        | Reached skill level 5 in Dodging
   124 | D        | Reached skill level 7 in Unarmed Combat
   124 | D        | Reached XP level 5. HP: 53/55 MP: 4/4
   127 | D        | Reached skill level 5 in Fighting
   128 | D        | Killed an ice beast
   128 | D        | Reached skill level 5 in Throwing
   128 | D        | Reached skill level 8 in Unarmed Combat
   128 | D        | Reached XP level 6. HP: 57/66 MP: 5/5
   134 | D        | Reached skill level 9 in Unarmed Combat
   141 | D        | Slain by a two-headed ogre

Vault maps used:
D:        linesprint

Skill      XL: |  1  2  3  4  5  6 |
---------------+-------------------+-----
Throwing       | 1 3 4 5 |  5.5
Fighting       | 3 4 5 6 |  6.0
Dodging        | 3 4 5 6 |  6.2
Unarmed Combat | 5 7 8 9 |  9.1

Action                   |  1- 3 |  4- 6 || total
-------------------------+-------+-------++-------
Melee: Unarmed           |    20 |    26 ||    46
       Punch             |       |     1 ||     1
Invok: Berserk           |     1 |     1 ||     2
       Trog's Hand       |       |     1 ||     1
  Use: Potion            |       |     1 ||     1
 Stab: Sleeping          |     1 |       ||     1
  Eat: Chunk             |     3 |     3 ||     6
Armor: Animal skin       |     4 |     4 ||     8
Dodge: Dodged            |     7 |    16 ||    23

Table legend:
 A = Spawn XP
 B = Non-spawn XP
 C = Spawn XP percentage of total XP
 D = Spawn monster count
 E = Non-spawn monster count
 F = Spawn count percentage of total count
 G = Total turns spent on level
                    A         B        C        D         E        F      G
               +---------+---------+-------+---------+---------+-------+---------
         Total |       0 |     585 |   0.0 |       0 |      14 |   0.0 |   141
               +---------+---------+-------+---------+---------+-------+---------
             D |       0 |     585 |   0.0 |       0 |      14 |   0.0 |   141
               +---------+---------+-------+---------+---------+-------+---------
